TOP OF THE 1ST |
Seattle Pikes batting - Pitching for Kansas City Kings : RHP Carlos Pacheco
|
Pitching: RHP Carlos Pacheco
|
|
Batting: SHB António Hernández
|
0-0: Called Strike 0-1: Ball 1-1: Foul Ball, location: 2F 1-2: Ball 2-2: Strikes out swinging
|
Batting: RHB Randy Sheppard
|
0-0: Fly out, F6 (Line Drive, 6)
|
Batting: LHB John Bond
|
0-0: Called Strike 0-1: Ball 1-1: Foul Ball, location: 2F 1-2: Ball 2-2: Fly out, F9 (Flyball, 9S)
|
Top of the 1st over - 0 runs, 0 hits, 0 errors, 0 left on base; Seattle 0 - Kansas City 0 |
BOTTOM OF THE 1ST |
Kansas City Kings batting - Pitching for Seattle Pikes : RHP Christian Camden
|
Pitching: RHP Christian Camden
|
|
Batting: SHB Douglas Taylor
|
0-0: Ball 1-0: Ball 2-0: Called Strike 2-1: Ball 3-1: Base on Balls
|
Batting: RHB Gregg Nelson
|
0-0: Foul Ball, location: 2F 0-1: Ball 1-1: SINGLE (Groundball, 4D) Douglas Taylor to second Runner from 2nd tries for 3rd, SAFE, no throw
|
Batting: RHB Chris Chandler
|
0-0: Hit by Pitch Gregg Nelson to second
|
Batting: LHB Ron Crawford
|
0-0: Foul Ball, location: 2F 0-1: Fielders Choice at 2nd, 4-6 (Groundball, 4) Douglas Taylor scores Gregg Nelson to third
|
Batting: RHB Oliver Lugo
|
0-0: Called Strike 0-1: Foul Ball, location: 2F 0-2: Foul Ball, location: 2F 0-2: Foul Ball, location: 2F 0-2: Strikes out looking
|
Batting: RHB Dave Parker
|
0-0: Called Strike 0-1: Foul Ball, location: 2F 0-2: Ball 1-2: Ball 2-2: Ball 3-2: Base on Balls Ron Crawford to second
|
Batting: RHB Eric Fuller
|
0-0: Called Strike 0-1: Called Strike 0-2: Foul Ball, location: 2F 0-2: Ball 1-2: Fly out, F9 (Flyball, 9LSF)
|
Bottom of the 1st over - 1 run, 1 hit, 0 errors, 3 left on base; Seattle 0 - Kansas City 1 |
TOP OF THE 2ND |
Seattle Pikes batting - Pitching for Kansas City Kings : RHP Carlos Pacheco
|
Batting: RHB Murai Ishihara
|
0-0: Foul Ball, location: 2F 0-1: Ball 1-1: Foul Ball, location: 2F 1-2: Ground out 6-3 (Groundball, 6)
|
Batting: LHB Gary Kern
|
0-0: Ball 1-0: Swinging Strike 1-1: Ball 2-1: Ball 3-1: Ground out 6-3 (Groundball, 6)
|
Batting: LHB John Nicholson
|
0-0: Ground out 6-3 (Groundball, 6)
|
Top of the 2nd over - 0 runs, 0 hits, 0 errors, 0 left on base; Seattle 0 - Kansas City 1 |
BOTTOM OF THE 2ND |
Kansas City Kings batting - Pitching for Seattle Pikes : RHP Christian Camden
|
Batting: RHB Jason Stover
|
0-0: Ball 1-0: Ball 2-0: Ball 3-0: Foul Ball, location: 2F 3-1: SINGLE (Line Drive, 8RS)
|
Batting: LHB Greg Schultz
|
0-0: Fly out, F6 (Popup, 6MS)
|
Batting: SHB Douglas Taylor
|
0-0: Ball 1-0: Foul Ball, location: 2F 1-1: Foul Ball, location: 2F 1-2: Grounds into double play, 5-4-3 (Groundball, 5L)
|
Bottom of the 2nd over - 0 runs, 1 hit, 0 errors, 0 left on base; Seattle 0 - Kansas City 1 |
TOP OF THE 3RD |
Seattle Pikes batting - Pitching for Kansas City Kings : RHP Carlos Pacheco
|
Batting: RHB Robinson Pacheco
|
0-0: Ball 1-0: Swinging Strike 1-1: Foul Ball, location: 2F 1-2: Foul Ball, location: 2F 1-2: Fly out, F7 (Flyball, 7S)
|
Batting: LHB Javier Martínez
|
0-0: Swinging Strike 0-1: Foul Ball, location: 2F 0-2: Ball 1-2: Ball 2-2: Ball 3-2: Strikes out swinging
|
Batting: RHB Henning Huisman
|
0-0: Called Strike 0-1: Ball 1-1: Foul Ball, location: 2F 1-2: Foul Ball, location: 2F 1-2: Strikes out looking
|
Top of the 3rd over - 0 runs, 0 hits, 0 errors, 0 left on base; Seattle 0 - Kansas City 1 |
BOTTOM OF THE 3RD |
Kansas City Kings batting - Pitching for Seattle Pikes : RHP Christian Camden
|
Batting: RHB Gregg Nelson
|
0-0: Ball 1-0: Ball 2-0: Foul Ball, location: 2F 2-1: Ball 3-1: Foul Ball, location: 2F 3-2: Strikes out looking
|
Batting: RHB Chris Chandler
|
0-0: Fly out, F7 (Flyball, 7D)
|
Batting: LHB Ron Crawford
|
0-0: Ball 1-0: Called Strike 1-1: Called Strike 1-2: Foul Ball, location: 2F 1-2: SINGLE (Flyball, 8RS)
|
Batting: RHB Oliver Lugo
|
0-0: Called Strike 0-1: SINGLE (Groundball, 56D) Ron Crawford to second
|
Batting: RHB Dave Parker
|
0-0: Called Strike 0-1: DOUBLE (Line Drive, 89D) Ron Crawford scores Oliver Lugo to third Runner from 3rd tries for Home, SAFE, throw made at trailing runner, OUT at third!
|
Bottom of the 3rd over - 2 runs, 3 hits, 0 errors, 0 left on base; Seattle 0 - Kansas City 3 |
TOP OF THE 4TH |
Seattle Pikes batting - Pitching for Kansas City Kings : RHP Carlos Pacheco
|
Batting: SHB António Hernández
|
0-0: Called Strike 0-1: Called Strike 0-2: Ground out 4-3 (Groundball, 4)
|
Batting: RHB Randy Sheppard
|
0-0: Ball 1-0: Foul Ball, location: 2F 1-1: Foul Ball, location: 2F 1-2: Strikes out swinging
|
Batting: LHB John Bond
|
0-0: Ball 1-0: Ball 2-0: Swinging Strike 2-1: Called Strike 2-2: SINGLE (Line Drive, 8LS)
|
Pitching: RHP Kyle Horton
|
|
Batting: RHB Murai Ishihara
|
0-0: Foul Ball, location: 2F 0-1: Ball 1-1: Fly out, F8 (Line Drive, 78M)
|
Top of the 4th over - 0 runs, 1 hit, 0 errors, 1 left on base; Seattle 0 - Kansas City 3 |
BOTTOM OF THE 4TH |
Kansas City Kings batting - Pitching for Seattle Pikes : RHP Christian Camden
|
Batting: RHB Eric Fuller
|
0-0: Ball 1-0: Fly out, F4 (Popup, 4)
|
Batting: RHB Jason Stover
|
0-0: Called Strike 0-1: Ground out 6-3 (Groundball, 6S)
|
Batting: LHB Greg Schultz
|
0-0: Ground out U3 (Groundball, 3)
|
Bottom of the 4th over - 0 runs, 0 hits, 0 errors, 0 left on base; Seattle 0 - Kansas City 3 |
TOP OF THE 5TH |
Seattle Pikes batting - Pitching for Kansas City Kings : RHP Kyle Horton
|
Batting: LHB Gary Kern
|
0-0: Swinging Strike 0-1: Called Strike 0-2: Ball 1-2: SINGLE (Line Drive, 8LS)
|
Batting: LHB John Nicholson
|
0-0: Ball 1-0: Ball 2-0: Called Strike 2-1: Foul Ball, location: 2F 2-2: Ball 3-2: Foul Ball, location: 2F 3-2: Base on Balls Gary Kern to second
|
Batting: RHB Robinson Pacheco
|
0-0: Called Strike 0-1: Fly out, F9 (Flyball, 9LMF)
|
Batting: LHB Javier Martínez
|
0-0: Ball 1-0: Ball 2-0: Ball 3-0: Base on Balls Gary Kern to third John Nicholson to second
|
Batting: RHB Henning Huisman
|
0-0: Called Strike 0-1: Foul Ball, location: 2F 0-2: Ball 1-2: Foul Ball, location: 2F 1-2: Grounds into double play, 6-4-3 (Groundball, 6)
|
Top of the 5th over - 0 runs, 1 hit, 0 errors, 2 left on base; Seattle 0 - Kansas City 3 |
BOTTOM OF THE 5TH |
Kansas City Kings batting - Pitching for Seattle Pikes : RHP Christian Camden
|
Pitching: LHP Jesús Martínez
|
|
Batting: SHB Douglas Taylor
|
0-0: Ball 1-0: Called Strike 1-1: Ball 2-1: Foul Ball, location: 2F 2-2: Hit by Pitch
|
Batting: RHB Gregg Nelson
|
0-0: Ball 1-0: Ball 2-0: Swinging Strike 2-1: Ball 3-1: Grounds into double play, 4-6-3 (Groundball, 4M)
|
Batting: RHB Chris Chandler
|
0-0: Ball 1-0: Called Strike 1-1: TRIPLE (Flyball, 9LD)
|
Batting: LHB Ron Crawford
|
0-0: Called Strike 0-1: Foul Ball, location: 2F 0-2: Ground out 6-3 (Groundball, 6)
|
Bottom of the 5th over - 0 runs, 1 hit, 0 errors, 1 left on base; Seattle 0 - Kansas City 3 |
TOP OF THE 6TH |
Seattle Pikes batting - Pitching for Kansas City Kings : RHP Kyle Horton
|
Batting: SHB António Hernández
|
0-0: Called Strike 0-1: Foul Ball, location: 2F 0-2: Ball 1-2: Ball 2-2: Ball 3-2: Base on Balls
|
Batting: RHB Randy Sheppard
|
0-0: Grounds into double play, 6-4-3 (Groundball, 6M)
|
Batting: LHB John Bond
|
0-0: Ground out 5-3 (Groundball, 56S)
|
Top of the 6th over - 0 runs, 0 hits, 0 errors, 0 left on base; Seattle 0 - Kansas City 3 |
BOTTOM OF THE 6TH |
Kansas City Kings batting - Pitching for Seattle Pikes : LHP Jesús Martínez
|
Batting: RHB Oliver Lugo
|
0-0: SOLO HOME RUN (Flyball, 7D), Distance : 376 ft
|
Batting: RHB Dave Parker
|
0-0: Called Strike 0-1: Swinging Strike 0-2: Foul Ball, location: 2F 0-2: Strikes out swinging
|
Batting: RHB Eric Fuller
|
0-0: Called Strike 0-1: Ball 1-1: Ground out 4-3 (Groundball, 4)
|
Batting: RHB Jason Stover
|
0-0: Fly out, F7 (Flyball, 7S)
|
Bottom of the 6th over - 1 run, 1 hit, 0 errors, 0 left on base; Seattle 0 - Kansas City 4 |
TOP OF THE 7TH |
Seattle Pikes batting - Pitching for Kansas City Kings : RHP Kyle Horton
|
Batting: RHB Murai Ishihara
|
0-0: Ball 1-0: Swinging Strike 1-1: Ball 2-1: Ground out 6-3 (Groundball, 6M)
|
Batting: LHB Gary Kern
|
0-0: Ball 1-0: Fly out, F8 (Flyball, 89D)
|
Batting: LHB John Nicholson
|
0-0: Called Strike 0-1: Foul Ball, location: 2F 0-2: Ball 1-2: Foul Ball, location: 2F 1-2: Ball 2-2: Fly out, F9 (Flyball, 9D)
|
Top of the 7th over - 0 runs, 0 hits, 0 errors, 0 left on base; Seattle 0 - Kansas City 4 |
BOTTOM OF THE 7TH |
Kansas City Kings batting - Pitching for Seattle Pikes : LHP Jesús Martínez
|
Batting: LHB Greg Schultz
|
0-0: Foul Ball, location: 2F 0-1: Ball 1-1: Ground out 6-3 (Groundball, 6)
|
Pinch Hitting: RHB Jon Krohne
|
0-0: Foul Ball, location: 2F 0-1: Ground out 6-3 (Groundball, 6)
|
Pinch Hitting: LHB Michael Cook
|
0-0: Ball 1-0: Ball 2-0: SINGLE (Flyball, 8RS)
|
Pinch Hitting: RHB Terry Perkins
|
0-0: Ball 1-0: Ball 2-0: Ball 3-0: Base on Balls Michael Cook to second
|
Pinch Hitting: RHB Dennis Garner
|
0-0: Called Strike 0-1: Ball 1-1: Fly out, F7 (Flyball, 7LM)
|
Bottom of the 7th over - 0 runs, 1 hit, 0 errors, 2 left on base; Seattle 0 - Kansas City 4 |
BOTTOM OF THE 8TH |
Kansas City Kings batting - Pitching for Seattle Pikes : LHP Jesús Martínez
|
Now in LF: Richard Hunter
|
|
Now in RF: Roberto Lozano
|
|
Pinch Hitting: RHB Dave Anderson
|
0-0: Ball 1-0: Ball 2-0: Ball 3-0: Base on Balls
|
Pinch Hitting: RHB Claudio Rodríguez
|
0-0: Called Strike Dave Anderson is caught stealing 2nd base 0-1: Ball 1-1: Ground out 4-3 (Groundball, 4)
|
Batting: SHB Jeff Chambers
|
0-0: Ball 1-0: Ball 2-0: Foul Ball, location: 2F 2-1: Ground out U3 (Groundball, 3)
|
Bottom of the 8th over - 0 runs, 0 hits, 0 errors, 0 left on base; Seattle 1 - Kansas City 4 |
TOP OF THE 9TH |
Seattle Pikes batting - Pitching for Kansas City Kings : LHP Manuel Parra
|
Pitching: RHP Nick Parks
|
|
Now at 2B: Claudio Rodríguez
|
|
Now in CF: Dave Anderson
|
|
Pinch Hitting: RHB Pete Rideout
|
0-0: Foul Ball, location: 2F 0-1: Ball 1-1: Swinging Strike 1-2: Strikes out swinging
|
Pinch Hitting: RHB Ray Ervin
|
0-0: Called Strike 0-1: Ball 1-1: Ball 2-1: Ground out 6-3 (Groundball, 6)
|
Pinch Hitting: RHB Robert Johnson
|
0-0: Ball 1-0: Ball 2-0: Ball 3-0: Base on Balls
|
Pinch Hitting: SHB George Adams
|
0-0: Called Strike 0-1: Foul Ball, location: 2F 0-2: Ball 1-2: Strikes out swinging
|
Top of the 9th over - 0 runs, 0 hits, 0 errors, 1 left on base; Seattle 1 - Kansas City 4 |
|